 Dungeon Crawl Stone Soup version 0.28-a0-563-gf77a47075d (webtiles) character file.

Game seed: 13601613787304181833

182903 Strat the Fencer (level 17, -7/111 HPs)
             Began as a Tengu Ice Elementalist on Sept 15, 2021.
             Was the Champion of Dithmenos.
             Killed from afar by a manticore (18 damage)
             ... with a volley of spikes
             ... on level 2 of the Shoals on Sept 30, 2021.
             The game lasted 02:03:53 (35591 turns).

Strat the Fencer (Tengu Ice Elementalist)          Turns: 35591, Time: 02:03:54

Health: -7/111     AC: 13    Str: 15    XL:     17   Next: 98%
Magic:  11/30      EV: 20    Int: 22    God:    Dithmenos [******]
Gold:   1161       SH:  0    Dex: 15    Spells: 7/33 levels left

rFire   . . .      SeeInvis .   a - +2 Maxwell's thermic engine {flame, freeze}
rCold   . . .      Faith    .   (no shield)
rNeg    . . .      Spirit   .   N - +0 steam dragon scales
rPois   .          Reflect  .   (helmet restricted)
rElec   .          Harm     .   H - +0 cloak
rCorr   .          Rampage  .   C - +2 pair of gloves
Will    +....                   (boots unavailable)
Stlth   +++.......              i - amulet of regeneration
HPRegen 1.28/turn               A - +6 ring of strength
MPRegen 0.22/turn               u - +4 ring of protection

@: spiked, flying quickly and evasively, wreathed by umbra, quick
A: beak, talons 3, nimble flight
}: 1/15 runes: gossamer
a: Renounce Religion, Shadow Step, Shadow Form


You were on level 2 of the Shoals.
You worshipped Dithmenos.
Dithmenos was exalted by your worship.
You visited 6 branches of the dungeon, and saw 30 of its levels.
You also visited: Sewer and Ossuary.

You collected 2845 gold pieces.
You spent 1684 gold pieces at shops.

Inventory:

Hand Weapons
 a - the +2 Maxwell's thermic engine (weapon) {flame, freeze}
   (You bought it in a shop on level 2 of the Orcish Mines)

   It burns those it strikes, dealing additional fire damage.
   Big, fiery blades are also staple armaments of hydra-hunters.
   It freezes those it strikes, dealing additional cold damage.
   It can also slow down cold-blooded creatures.
   It becomes more effective when it hits something.
   This effect fades over time.
Missiles
 d - 178 poisoned darts
 h - 987 stones
 p - 54 boomerangs
 z - 4 curare-tipped darts
 F - 4 throwing nets
Armour
 c - a +1 leather armour of poison resistance
 t - a +2 kite shield
 C - a +2 pair of gloves (worn)
 H - a +0 cloak (worn)
 N - +0 steam dragon scales (worn)
Jewellery
 e - a ring of fire
 i - an amulet of regeneration (around neck)
 j - a ring of wizardry
 u - a +4 ring of protection (right hand)
 y - a ring of see invisible
 A - a +6 ring of strength (left hand)
 J - a ring of protection from fire
 T - an amulet of magic regeneration
 X - an amulet of reflection
Wands
 b - a wand of charming (7)
 g - a wand of polymorph (31)
 I - a wand of acid (20)
 K - a wand of flame (65)
 P - a wand of mindburst (29)
 Q - a wand of digging (10)
 U - a wand of paralysis (5)
 V - a wand of iceblast (14)
Scrolls
 k - 2 scrolls of enchant weapon
 l - 2 scrolls of teleportation
 m - 13 scrolls of identify
 q - 3 scrolls of fear
 r - a scroll of amnesia
 w - 4 scrolls of enchant armour
 B - a scroll of summoning
 D - a scroll of holy word
 E - 5 scrolls of magic mapping
 L - 3 scrolls of fog
 M - a scroll of silence
 S - 3 scrolls of blinking
Potions
 f - 3 potions of berserk rage
 n - 5 potions of mutation
 o - 7 potions of magic
 v - 6 potions of curing
 x - 3 potions of haste
 G - 4 potions of brilliance
 O - 7 potions of ambrosia
 R - 4 potions of might
 W - 6 potions of invisibility
 Z - 3 potions of lignification
Miscellaneous
 s - a condenser vane


   Skills:
 - Level 14.3 Fighting
 - Level 16.0 Long Blades
 - Level 3.0 Armour
 - Level 10.0 Dodging
 - Level 2.0 Stealth
 + Level 11.8 Shields
 - Level 8.5 Spellcasting
 - Level 7.0 Conjurations
 - Level 11.0 Summonings
 - Level 10.0 Ice Magic
 - Level 6.0 Air Magic
 - Level 10.0 Invocations


You had 7 spell levels left.
You knew the following spells:

 Your Spells              Type           Power      Damage    Failure   Level
a - Freeze                Ice            100%       1d11      1%          1
b - Frozen Ramparts       Ice            100%       1d12      1%          3
c - Ozocubu's Armour      Ice            52%        N/A       1%          3
d - Hailstorm             Conj/Ice       46%        3d11      2%          4
e - Summon Ice Beast      Ice/Summ       53%        N/A       1%          4
f - Summon Cactus Giant   Summ           27%        N/A       12%         6
g - Freezing Cloud        Conj/Ice/Air   21%        6-21      9%          5

Your spell library contained the following spells:

 Spells                   Type           Power      Damage    Failure   Level
 Magic Dart               Conj           100%       1d8       1%          1
 Shock                    Conj/Air       100%       1d9       1%          1
 Call Imp                 Summ           55%        N/A       1%          2
 Ensorcelled Hibernation  Hex/Ice        62%        N/A       1%          2
 Swiftness                Air            35%        N/A       1%          3
 Corpse Rot               Necr/Air       N/A        N/A       3%          2
 Poisonous Vapours        Pois/Air       44%        N/A       3%          2
 Mephitic Cloud           Conj/Pois/Air  28%        N/A       3%          3
 Conjure Flame            Conj/Fire      24%        6-21      4%          3
 Dazzling Flash           Conj/Hex       48%        N/A       4%          3
 Airstrike                Air            17%        N/A       6%          4
 Beastly Appendage        Tmut           18%        N/A       7%          1
 Sting                    Tmut/Pois      36%        1d4       7%          1
 Ice Form                 Ice/Tmut       31%        N/A       9%          4
 Sublimation of Blood     Necr           4%         N/A       11%         2
 Wereblood                Tmut           9%         N/A       11%         2
 Iskenderun's Mystic Bla  Conj/Tloc      24%        2d7       17%         4
 Sticky Flame             Conj/Fire      24%        2d5       17%         4
 Summon Forest            Summ/Tloc      16%        N/A       21%         5
 Ignite Poison            Fire/Tmut/Pois 9%         N/A       22%         3
 Spider Form              Tmut/Pois      4%         N/A       22%         3
 Silence                  Hex/Air        11%        N/A       50%         5
 Summon Hydra             Summ           27%        N/A       54%         7
 Olgreb's Toxic Radiance  Pois           9%         N/A       56%         4
 Passage of Golubria      Tloc           N/A        N/A       56%         4
 Simulacrum               Ice/Necr       15%        N/A       80%         6
 Starburst                Conj/Fire      12%        6d5       95%         6
 Haunt                    Necr/Summ      16%        N/A       99%         7
 Lehudib's Crystal Spear  Conj/Erth      12%        10d4      100%        8
 Polar Vortex             Ice            26%        N/A       100%        9


Dungeon Overview and Level Annotations

Branches:
Dungeon (15/15)            Temple (1/1) D:4            Lair (6/6) D:10
 Shoals (1/4) Lair:3       Spider (4/4) Lair:4        Slime (0/5) Lair:6
    Orc (2/2) D:10            Elf (0/3) Orc:2        Vaults (0/5) D:14
 Depths (0/5) D:15          Sewer (visited)         Ossuary (visited)

Altars:
Ashenzari
Cheibriados
Dithmenos
Elyvilon
Fedhas
Gozag
Hepliaklqana
Kikubaaqudgha
Makhleb
Nemelex Xobeh
Okawaru
Qazlal
Ru
Sif Muna
Trog
Uskayaw
Vehumet
Wu Jian
Xom
Yredelemnul
Zin
The Shining One
Beogh

Shops:
D:1 *   D:2 **[(   D:4 *   D:7 :   D:10 *![   D:15 *   Orc:1 *
Orc:2 ?(((?[[*[

Annotations:
D:6 2 transporters, Dittersdorf's ghost, novice GrFi
Lair:2 exclusion: oklob plant
Lair:3 exclusion: 2 oklob plants
Lair:5 3 runed translucent doors, Kyvig's ghost, journeyman VSTm
Shoals:2 Frances; Ilsuiw


Innate Abilities, Weirdness & Mutations

You have a beak for a mouth.
You have claws for feet.
Your magical nature lets you fly swiftly and evasively.


Message History

The harpy barely misses you. The harpy completely misses you.
The manticore is engulfed in freezing vapours.
Casting: Freezing Cloud (dangerous; 9% risk of failure)
Confirm with . or Enter, or press ? or * to list all spells.
Aiming: Freezing Cloud (dangerous; 9% risk of failure)
Press: ? - help, Dir - move target, p - manticore The harpy is engulfed in freezing vapours. x2
The manticore is engulfed in freezing vapours.
The manticore flicks its tail.
The volley of spikes hits you but does no damage.
The harpy claws you!
* * * LOW HITPOINT WARNING * * *
The harpy completely misses you.
The harpy is engulfed in freezing vapours.
You slice the harpy!! You burn the harpy!
You kill the harpy!
Dithmenos accepts your kill. The harpy completely misses you.
The harpy claws you but does no damage.
The manticore is engulfed in freezing vapours.
The manticore flicks its tail.
The volley of spikes hits you!
The barbed spikes become lodged in your body.
* * * LOW HITPOINT WARNING * * *
You feel better.
The manticore is engulfed in freezing vapours.
The manticore flicks its tail.
The volley of spikes misses you.
Casting: Freezing Cloud (dangerous; 9% risk of failure)
Confirm with . or Enter, or press ? or * to list all spells.
Aiming: Freezing Cloud (dangerous; 9% risk of failure)
Press: ? - help, Dir - move target The harpy is engulfed in freezing vapours.
The harpy claws you!
* * * LOW HITPOINT WARNING * * *
The harpy barely misses you.
The manticore is engulfed in freezing vapours.
The manticore flicks its tail.
The volley of spikes hits you!!
The barbed spikes become lodged in your body.
You die...

≈≈≈...# ..≈≈≈≈≈..≈.H. #..
≈≈.....##..≈≈≈≈≈≈......
≈≈≈?.$....≈≈≈≈≈≈≈.......
≈≈§§§○...≈.≈≈≈≈≈≈.≈......
≈≈≈§§§..≈≈≈≈≈≈≈≈≈
≈≈≈§§H..≈≈≈≈≈≈≈≈≈
≈≈≈≈≈≈≈≈≈≈≈≈≈≈≈≈≈
≈≈≈≈≈≈≈.≈≈§≈§≈≈≈≈
≈≈≈≈≈≈≈..@H§§§§≈≈
≈≈≈≈≈≈≈....§§§§≈≈
≈≈≈≈≈≈..###☼§§≈≈≈
≈≈≈≈≈≈..# §§○≈≈.
≈≈≈≈≈≈..# §§≈≈≈ ≈≈≈≈≈≈≈..
.≈§≈≈ ≈≈≈≈≈≈. ≈≈≈≈ ≈≈≈≈
≈≈≈≈


You could see a manticore and a harpy.

Vanquished Creatures
  Kirke (Spider:2)
  Agnes (D:15)
  5 ghost moths
  9 emperor scorpions
  3 entropy weavers
  A spark wasp (Spider:2)
  A dire elephant (D:15)
  11 hydras
  3 catoblepae
  Erica (Lair:2)
  2 two-headed ogres
  A deep troll shaman (Lair:6)
  3 vault guards (D:14)
  20 death yaks
  2 boulder beetles (D:15)
  An ogre mage (D:10)
  6 centaur warriors
  2 tengu warriors
  6 orc high priests (Orc:2)
  2 swamp dragons (Lair:4)
  A sea snake (Shoals:2)
  A deep elf pyromancer (D:14)
  4 orc knights
  A harpy (Shoals:2)
  19 orb spiders
  6 ugly things
  24 wolf spiders
  3 orc sorcerers
  4 cyclopes
  A salamander (D:15)
  18 slime creatures
  12 elephants
  2 manticores
  5 merfolk sirens
  4 moths of wrath
  2 water nymphs
  5 black mambas
  10 cane toads
  2 gargoyles
  Maggie (D:8)
  A yaktaur (shapeshifter) (D:15)
  9 komodo dragons
  A nameless horror (Spider:4)
  3 kobold demonologists (D:10)
  An efreet (D:15)
  2 unseen horrors
  5 rime drakes
  A tengu conjurer (D:14)
  14 demonic crawlers
  3 trolls
  38 jumping spiders
  3 tyrant leeches (Lair:4)
  6 merfolk
  2 hornets (Spider:2)
  3 polar bears (Lair:6)
  13 blink frogs
  7 dream sheep
  2 snapping turtles (Shoals:1)
  103 redbacks
  A shadow (D:13)
  2 wraiths
  28 tarantellas
  3 vampires
  2 wyverns
  58 yaks
  5 basilisks
  2 hogs (Spider:2)
  9 humans (D:14)
  4 vampire mosquitoes (D:13)
  A steam dragon (shapeshifter) (D:14)
  3 wargs
  2 swamp worms (Lair:4)
  12 water moccasins
  23 orc warriors
  3 black bears
  A sky beast (D:7)
  A hornet zombie (D:9)
  10 ogres
  29 wolves
  A necrophage (D:6)
  14 centaurs
  A phantom (D:5)
  12 kobold brigands
  5 scorpions
  5 bullfrogs
  2 gnoll sergeants
  A wyvern skeleton (D:7)
  6 killer bees
  3 howler monkeys
  3 electric eels
  4 centaur zombies
  A bullfrog zombie (D:6)
  5 hounds
  16 jellies
  A bullfrog skeleton (D:6)
  29 orc priests
  Jessica (D:3)
  3 centaur skeletons
  An iguana (D:6)
  A scorpion zombie (D:5)
  48 orc wizards
  2 killer bee zombies (D:8)
  8 mummies (Ossuary)
  A howler monkey zombie (D:11)
  10 gnolls
  13 adders
  2 river rats (Sewer)
  2 shadow imps (D:7)
  A white imp (D:5)
  4 ufetubi
  An adder skeleton (D:4)
  10 worms
  A dart slug (D:4)
  84 orcs
  3 bats
  8 endoplasms
  5 giant cockroaches
  7 goblins
  5 hobgoblins
  9 jackals
  25 kobolds
  3 quokkas
  8 ball pythons
  4 frilled lizards
  2 gnoll zombies (Ossuary)
  3 hobgoblin zombies (Ossuary)
  3 kobold zombies (Ossuary)
  5 rats
1014 creatures vanquished.

Vanquished Creatures (collateral kills)
  A swamp dragon (Lair:4)
  A troll (D:6)
  3 blink frogs (Lair:5)
  Grum (D:8)
  2 water moccasins
  A wolf (D:8)
  A bullfrog (Lair:5)
10 creatures vanquished.

Vanquished Creatures (others)
  4 humans (Spider:2)
  2 bushes (Lair:6)
  28 fungi
  82 plants
116 creatures vanquished.

Grand Total: 1140 creatures vanquished

Notes
Turn   | Place    | Note
-------+----------+-------------------------------------------
     0 | D:1      | Strat the Tengu Ice Elementalist began the quest for the
                  | Orb.
     0 | D:1      | Reached XP level 1. HP: 10/10 MP: 4/4
   123 | D:1      | Found Jybaeti's Assorted Antiques.
   208 | D:1      | Found a faded altar of an unknown god.
   957 | D:1      | Reached XP level 2. HP: 15/15 MP: 4/6
  1273 | D:2      | Found Merphuti's Armour Emporium.
  1442 | D:2      | Reached XP level 3. HP: 19/19 MP: 4/7
  1647 | D:2      | Found Tunaisk's General Store.
  1705 | D:2      | Found Uqay's Assorted Antiques.
  1758 | D:2      | Learned a level 3 spell: Frozen Ramparts
  1868 | D:2      | Found Ysijimiq's Weapon Emporium.
  2482 | D:3      | Found a white marble altar of Elyvilon.
  2626 | D:3      | Reached skill level 5 in Ice Magic
  2626 | D:3      | Reached XP level 4. HP: 24/24 MP: 8/8
  2641 | D:3      | Reached skill level 1 in Fighting
  2696 | D:3      | Noticed Jessica
  2699 | D:3      | Killed Jessica
  2700 | D:3      | Gained mutation: Your magical nature lets you fly swiftly
                  | and evasively. [Tengu growth]
  2700 | D:3      | Reached XP level 5. HP: 27/30 MP: 5/9
  2737 | D:3      | Found a sacrificial altar of Ru.
  3107 | D:3      | Found an ornate altar of the Wu Jian Council.
  3371 | D:4      | Found a stormy altar of Qazlal.
  3532 | D:4      | Found a staircase to the Ecumenical Temple.
  3562 | Temple   | Entered the Ecumenical Temple
  3808 | Temple   | Became a worshipper of Dithmenos the Shadowed
  3833 | D:4      | Noticed a kobold brigand
  3899 | D:4      | Killed a kobold brigand
  3900 | D:4      | Reached XP level 6. HP: 5/37 MP: 10/10
  4056 | D:4      | Found Ygonee Wewn's General Store.
  4216 | D:4      | Learned a level 3 spell: Ozocubu's Armour
  4449 | D:4      | Found a hazy altar of Hepliaklqana.
  4483 | D:5      | Entered Level 5 of the Dungeon
  4679 | D:5      | Reached XP level 7. HP: 42/43 MP: 7/11
  4713 | D:5      | Found a glowing drain.
  4756 | Sewer    | Entered a sewer
  4855 | Sewer    | Reached * piety under Dithmenos
  5157 | Sewer    | Reached skill level 5 in Fighting
  5267 | Sewer    | Reached XP level 8. HP: 37/49 MP: 8/12
  6099 | D:5      | Found a hide-covered altar of Uskayaw.
  6099 | D:5      | Found a glowing silver altar of Zin.
  6285 | D:6      | Learned a level 4 spell: Hailstorm
  6298 | D:6      | Found a transporter.
  6397 | D:6      | Noticed Dittersdorf's ghost (novice GrFi)
  6401 | D:6      | Found a transporter.
  6402 | D:6      | Noticed a wraith
  6402 | D:6      | Noticed a wraith
  6524 | D:6      | Reached skill level 5 in Dodging
  6524 | D:6      | Reached XP level 9. HP: 54/56 MP: 12/16
  6541 | D:6      | Reached ** piety under Dithmenos
  6559 | D:6      | Found a sand-covered staircase.
  6564 | Ossuary  | Entered an ossuary
  7045 | D:6      | Identified the +2 helmet "Reseor" {MP+9 Str+2 Stlth+}
  7327 | D:6      | Noticed a troll
  7363 | D:6      | Killed a troll
  7732 | D:6      | Identified a scroll of acquirement
  7732 | D:6      | Acquired Mnoleg's Collected Works on Creation
  7739 | D:6      | Learned a level 4 spell: Summon Ice Beast
  7771 | D:7      | Reached skill level 1 in Summonings
  7859 | D:7      | Reached *** piety under Dithmenos
  8306 | D:7      | Found Wulirops's Self-Improvement Boutique.
  8434 | D:8      | Noticed Grum
  8486 | D:8      | Found an iron altar of Okawaru.
  8578 | D:8      | Killed Grum
  8579 | D:8      | Reached XP level 10. HP: 57/65 MP: 5/17
  8718 | D:8      | Identified the +2 leather armour "Fidgh" {Will+++ Str+2
                  | Int-5}
  8759 | D:8      | Noticed Maggie
  8772 | D:8      | Killed Maggie
  9526 | D:9      | Reached skill level 10 in Fighting
  9531 | D:9      | Reached skill level 10 in Dodging
  9531 | D:9      | Reached skill level 1 in Armour
  9561 | D:9      | Reached **** piety under Dithmenos
  9642 | D:9      | Reached skill level 1 in Conjurations
 10121 | D:10     | Entered Level 10 of the Dungeon
 10126 | D:10     | Found Buse's Distillery.
 10133 | D:10     | Noticed a two-headed ogre
 10146 | D:10     | Killed a two-headed ogre
 10147 | D:10     | Reached XP level 11. HP: 46/72 MP: 10/18
 10233 | D:10     | Found a basalt altar of Yredelemnul.
 10235 | D:10     | Found a staircase to the Lair.
 10401 | D:10     | Upgraded the game from 0.28-a0-474-g535839065c to
                  | 0.28-a0-479-g5baa6b73be
 10495 | Lair:1   | Entered Level 1 of the Lair of Beasts
 10583 | Lair:1   | Noticed a seven-headed hydra
 10787 | Lair:1   | Reached skill level 5 in Spellcasting
 11182 | Lair:1   | Killed a seven-headed hydra
 11877 | Lair:2   | Reached skill level 10 in Ice Magic
 11958 | Lair:2   | Noticed a death yak
 11958 | Lair:2   | Noticed a death yak
 11989 | Lair:2   | Killed a death yak
 12024 | Lair:2   | Noticed a death yak
 12027 | Lair:2   | Noticed a death yak
 12046 | Lair:2   | Noticed a death yak
 12051 | Lair:2   | Killed a death yak
 12052 | Lair:2   | Reached XP level 12. HP: 58/80 MP: 12/20
 12060 | Lair:2   | Killed a death yak
 12062 | Lair:2   | Killed a death yak
 12063 | Lair:2   | Reached skill level 5 in Summonings
 12063 | Lair:2   | Killed a death yak
 12285 | Lair:2   | HP: 4/81 [poisoned by a black mamba]
 12290 | Lair:2   | HP: 4/81 [poisoned by a black mamba]
 12466 | Lair:2   | Noticed a six-headed hydra
 12474 | Lair:2   | Killed a six-headed hydra
 12749 | Lair:2   | Reached ***** piety under Dithmenos
 12949 | Lair:2   | Noticed a seven-headed hydra
 12984 | Lair:2   | Noticed Erica
 13016 | Lair:2   | Killed Erica
 13104 | Lair:2   | Learned a level 6 spell: Summon Cactus Giant
 13174 | Lair:2   | Reached skill level 1 in Long Blades
 13281 | Lair:2   | Found a blossoming altar of Fedhas.
 13452 | Lair:2   | Killed a three-headed hydra
 13644 | Lair:3   | Reached skill level 2 in Long Blades
 13719 | Lair:3   | Found a staircase to the Shoals.
 13735 | Lair:3   | Reached skill level 3 in Long Blades
 13735 | Lair:3   | Reached XP level 13. HP: 85/88 MP: 18/22
 13904 | Lair:3   | Reached skill level 4 in Long Blades
 14386 | Lair:3   | Reached skill level 5 in Long Blades
 14781 | Lair:3   | Found a blossoming altar of Fedhas.
 15167 | Lair:4   | You are sucked into a shaft and drop 2 floors!
 15167 | Lair:6   | Entered Level 6 of the Lair of Beasts
 15185 | Lair:6   | Reached skill level 6 in Long Blades
 15193 | Lair:6   | Found a staircase to the Slime Pits.
 15379 | Lair:6   | Reached skill level 10 in Summonings
 15391 | Lair:6   | Reached skill level 7 in Long Blades
 15515 | Lair:6   | Reached skill level 8 in Long Blades
 15713 | Lair:6   | Reached XP level 14. HP: 93/94 MP: 27/27
 15821 | Lair:6   | Reached skill level 9 in Long Blades
 15846 | Lair:6   | Got the Grimoire of the Frostbite
 16110 | Lair:6   | Reached ****** piety under Dithmenos
 16268 | Lair:6   | Reached skill level 10 in Long Blades
 16525 | Lair:6   | Reached skill level 11 in Long Blades
 17190 | Lair:6   | Reached skill level 12 in Long Blades
 17190 | Lair:6   | Upgraded the game from 0.28-a0-479-g5baa6b73be to
                  | 0.28-a0-519-gbfeecf2fc5
 17510 | Lair:5   | You are sucked into a shaft and drop 1 floor!
 17637 | Lair:5   | Reached skill level 13 in Long Blades
 17813 | Lair:5   | Identified the +8 short sword "Yluf" {vorpal, rElec rCorr
                  | Int+6 Dex-4}
 17885 | Lair:5   | Found a runed translucent gate.
 17885 | Lair:5   | Found a runed translucent gate.
 17885 | Lair:5   | Found a runed translucent gate.
 17887 | Lair:5   | Noticed Kyvig's ghost (journeyman VSTm)
 18675 | Lair:4   | Reached skill level 14 in Long Blades
 18952 | Lair:4   | Reached skill level 1 in Invocations
 19280 | Lair:4   | Reached XP level 15. HP: 92/100 MP: 25/28
 19343 | Lair:4   | Found a hole to the Spider Nest.
 19876 | D:10     | Found Vemmauc's Armour Boutique.
 20006 | D:10     | Found a staircase to the Orcish Mines.
 20170 | D:10     | Found Qaobooss's Assorted Antiques.
 20726 | Orc:1    | Entered Level 1 of the Orcish Mines
 20837 | Orc:1    | Found Ykhlanus's General Store.
 20872 | Orc:1    | Learned a level 5 spell: Freezing Cloud
 21223 | Orc:1    | Reached skill level 5 in Invocations
 21474 | Orc:2    | Entered Level 2 of the Orcish Mines
 21519 | Orc:2    | Found a staircase to the Elven Halls.
 21723 | Orc:2    | Found Zisistrol's Antique Weapon Shop.
 21737 | Orc:2    | Found Siun's Magic Scroll Emporium.
 21745 | Orc:2    | Bought a scroll of teleportation for 39 gold pieces
 21745 | Orc:2    | Bought a scroll of enchant armour for 97 gold pieces
 21745 | Orc:2    | Bought a scroll of enchant armour for 97 gold pieces
 22626 | Orc:2    | Found Ceafank's Armour Shop.
 22626 | Orc:2    | Found Anip Rehukk's Antique Armour Shop.
 22629 | Orc:2    | Found Xolyon's Armour Boutique.
 22638 | Orc:2    | Found Pyotet's Assorted Antiques.
 22658 | Orc:2    | Bought a brass ring for 150 gold pieces
 22737 | Orc:2    | Found Tiol's Antique Weapon Shoppe.
 22743 | Orc:2    | Found Laenoahi's Antique Weapon Boutique.
 22780 | Orc:2    | Bought the +2 Maxwell's thermic engine {flame, freeze} for
                  | 1144 gold pieces
 22780 | Orc:2    | Found the +2 Maxwell's thermic engine {flame, freeze}
 22797 | Orc:2    | Found Guolyo's Magic Scroll Boutique.
 22832 | Orc:2    | Bought a scroll of teleportation for 45 gold pieces
 22832 | Orc:2    | Bought a scroll of enchant armour for 112 gold pieces
 23864 | D:12     | Reached skill level 1 in Air Magic
 24226 | D:12     | Identified the +1 chain mail of the Centipede {rElec rPois
                  | Dex+6 Slay-6 Stlth+}
 25754 | D:14     | Reached skill level 5 in Conjurations
 26129 | D:14     | Reached XP level 16. HP: 106/106 MP: 24/29
 26230 | D:14     | Found a gate to the Vaults.
 26496 | D:15     | Entered Level 15 of the Dungeon
 27174 | D:15     | Found Ceplyvvo's Changing Room.
 27546 | D:15     | Noticed Agnes
 27625 | D:15     | Found a hide-covered altar of Uskayaw.
 27676 | D:15     | Reached skill level 5 in Air Magic
 27685 | D:15     | Reached skill level 15 in Long Blades
 27940 | D:15     | Killed Agnes
 28209 | D:15     | Found a staircase to the Depths.
 28398 | D:15     | Upgraded the game from 0.28-a0-519-gbfeecf2fc5 to
                  | 0.28-a0-563-gf77a47075d
 28630 | Spider:1 | Entered Level 1 of the Spider Nest
 30226 | Spider:2 | Noticed Kirke
 30270 | Spider:2 | Killed Kirke
 31142 | Spider:3 | Reached skill level 16 in Long Blades
 31169 | Spider:3 | Reached skill level 10 in Invocations
 31195 | Spider:2 | Reached skill level 1 in Shields
 31391 | Spider:2 | Reached XP level 17. HP: 88/111 MP: 0/30
 31821 | Spider:3 | Reached skill level 5 in Shields
 32412 | Spider:4 | Entered Level 4 of the Spider Nest
 33915 | Spider:4 | Reached skill level 10 in Shields
 34876 | Spider:4 | Got a gossamer rune of Zot
 35057 | Shoals:1 | Entered Level 1 of the Shoals
 35345 | Shoals:1 | You are sucked into a shaft and drop 1 floor!
 35345 | Shoals:2 | Noticed Frances
 35346 | Shoals:2 | Noticed Ilsuiw
 35570 | Shoals:2 | HP: 3/111 [merfolk javelineer/javelin (22)]
 35591 | Shoals:2 | Killed from afar by a manticore

Illustrated notes

Levels and vault maps discovered:
D:1:      psy_arrival_statuary, layout_loops_corners, serial_shops, shop,
          hellmonk_ecumenical_altar_zigzags
D:2:      layout_basic, serial_corexii_hall, corexii_hall_statues_s,
          chequers_hall_statues_wall_a, corexii_hall_statues_l,
          corexii_hall_statues_x, serial_shops, nicolae_square_shop,
          shop_fountains, shop_fountains, shop
D:3:      layout_loops_cross, nicolae_ru_great_annihilating_truth,
          nicolae_wu_jian_glorious_leap, mainiacjoe_overflow_tiny_flanked,
          uniq_jessica
D:4:      layout_rooms, lemuel_tele_altar, marbit_many_paths,
          minmay_temple_entry_slanted, serial_shops, shop
D:5:      layout_loops_ring, gammafunk_temple_overflow_wave,
          gup_sewer_entry_glass, minmay_misc_feat_rows, st_stairs_5,
          hangedman_abyss_or_decor_passed
D:6:      layout_loops_ring, gammafunk_ghost_mausoleum,
          nicolae_ossuary_entry_plus, hex_tiny
D:7:      layout_rooms, nicolae_shop_self_help
D:8:      layout_gridville, okawaru_trees_1, uniq_grum, uniq_maggie
D:9:      layout_roguey
D:10:     wad_arrow_thing, layout_long_grid, lemuel_doored_altar,
          lair_entry_dummy, david_orc_2, serial_shops, shop_statue, shop,
          nicolae_shop_temple_entry_statues_fountains
D:11:     layout_roguey, serial_bayou_pond_a
D:12:     layout_loops_ring
D:13:     layout_irregular_city, kennysheep_flooded_box
D:14:     layout_cave_pools, ximxim_vaults_locker_room
D:15:     hangedman_depths_entry_try_elsewhere_first, layout_grid_maze,
          chequers_serial_rivers_micro_e, nicolae_transmutations_shop,
          nicolae_uskayaw_murder_on_the_dancefloor, uniq_agnes
Temple:   nicolae_temple_figure_eight
Lair:1:   layout_regular_city, chequers_serial_rivers_room_b,
          grunt_megastairs_5, lemuel_fruit_fields
Lair:2:   beast_lair_carwin_large_1, layout_small_grid, tgw_fedhas,
          infiniplex_staircase_pool_2, uniq_erica
Lair:3:   layout_layer_cave, elwin_shoals_entry_stream, hangedman_tree_tricks,
          st_stairs_3, grunt_megastairs_4
Lair:4:   onia_ninara_swampy_vault, layout_regular_city,
          spider_nest_entry_funnel_web, kennysheep_catoblepas_arena,
          serial_bayou_shore_b
Lair:5:   layout_hall_layers, ebering_ghost_rock_garden, grunt_megastairs_3,
          lemuel_fruit_tree
Lair:6:   grunt_lair_end_beastmaster, layout_gridlike,
          minmay_slime_entry_jelly_boxes, gauntlet_entry_generic
Shoals:1: layout_shoals, serial_shops, nicolae_take_the_stairs,
          nzn_prometheus_bound
Shoals:2: layout_shoals, nicolae_shoals_lost_giant_hut, uniq_jorgrun,
          uniq_frances, uniq_ilsuiw
Spider:1: layout_spider_delve, hangedman_spider_mandibles
Spider:2: layout_spider_delve, uniq_kirke
Spider:3: layout_spider_delve
Spider:4: grunt_spider_rune_circles
Orc:1:    layout_diamond_mine, serial_shops, nicolae_shop_stone
Orc:2:    st_orc_mages, layout_caves, basic_altar, serial_shops, shop,
          nicolae_lakefront_shop, shop,
          nicolae_shop_temple_entry_statues_fountains, shop

Skill      XL: |  1  2  3  4  5  6  7  8  9 10 11 12 13 14 15 16 17 |
---------------+----------------------------------------------------+-----
Ice Magic      | 4 5 6 7 10 | 10.0
Fighting       | 1 3 4 5 6 8 10 11 13 14 | 14.3
Dodging        | 5 8 10 | 10.0
Spellcasting   | 4 5 8 |  8.5
Summonings     | 3 7 10 11 | 11.0
Armour         | 3 |  3.0
Conjurations   | 3 5 7 |  7.0
Long Blades    | 3 8 14 16 | 16.0
Invocations    | 2 7 10 | 10.0
Air Magic      | 4 6 |  6.0
Shields        | 2 11 | 11.8
Stealth        | |  2.0

Action                   |  1- 3 |  4- 6 |  7- 9 | 10-12 | 13-15 | 16-18 || total
-------------------------+-------+-------+-------+-------+-------+-------++-------
Melee: Mace              |    28 |    26 |       |       |       |       ||    54
       Kick              |     9 |    21 |   108 |    97 |   271 |   160 ||   666
       Peck              |     1 |    13 |    54 |    54 |   173 |   117 ||   412
       Short sword       |       |    65 |   382 |   117 |       |       ||   564
       Dagger            |       |       |       |   203 |       |       ||   203
       Scimitar          |       |       |       |    46 |   858 |       ||   904
       Double sword      |       |       |       |       |   200 |   722 ||   922
 Cast: Freeze            |    38 |     3 |     9 |     8 |     2 |       ||    60
       Frozen Ramparts   |     1 |    15 |    36 |    57 |   108 |    46 ||   263
       Ozocubu's Armour  |       |       |     4 |    14 |    21 |    13 ||    52
       Summon Ice Beast  |       |       |     1 |     5 |     7 |       ||    13
       Hailstorm         |       |       |       |     7 |    11 |       ||    18
       Summon Cactus Gia |       |       |       |       |     2 |     1 ||     3
       Freezing Cloud    |       |       |       |       |    25 |   111 ||   136
Evoke: Wand              |       |       |       |     3 |     1 |     3 ||     7
       Condenser vane    |       |       |       |       |       |     1 ||     1
  Use: Scroll            |     9 |       |    15 |     2 |     8 |    11 ||    45
       Potion            |       |     2 |       |       |     8 |    10 ||    20
 Stab: Sleeping          |     4 |     4 |     8 |     2 |     7 |     3 ||    28
       Paralysed         |       |     1 |       |       |       |       ||     1
       Distracted        |       |       |       |     1 |     5 |     3 ||     9
Armor: Robe              |     4 |    23 |       |       |       |       ||    27
       Leather armour    |       |     7 |    95 |     2 |       |   238 ||   342
       Steam dragon scal |       |       |       |   105 |   260 |    81 ||   446
Dodge: Dodged            |    32 |    88 |   313 |   428 |   968 |   921 ||  2750

Table legend: (Time is in decaauts)
 A = Elapsed time spent in this place.
 B = Non-inter-level travel time spent in this place.
 C = Inter-level travel time spent in this place.
 D = Time resting spent in this place.
 E = Time spent auto-exploring this place.
 F = Levels seen in this place.
 G = Mean time per level.
                   A        B        C        D        E       F      G
               +--------+--------+--------+--------+--------+-----+--------+
         Total |  33347 |  31934 |   1413 |   3545 |  18752 |  32 | 1042.1 |
       Dungeon |  14753 |  14086 |    667 |   1301 |   9406 |  15 |  983.5 |
        Temple |    286 |    247 |     39 |     28 |    200 |   1 |  286.0 |
          Lair |   8673 |   8225 |    448 |    701 |   4798 |   6 | 1445.5 |
        Shoals |    491 |    491 |      0 |     48 |    205 |   2 |  245.5 |
   Spider Nest |   5936 |   5746 |    190 |   1220 |   2577 |   4 | 1484.0 |
  Orcish Mines |   2058 |   1992 |     66 |    175 |    935 |   2 | 1029.0 |
         Sewer |    748 |    748 |      0 |     61 |    425 |   1 |  748.0 |
       Ossuary |    400 |    400 |      0 |      9 |    204 |   1 |  400.0 |
               +--------+--------+--------+--------+--------+-----+--------+

Top non-repeatable levels by time:
Spider:4: 2365 daAuts
  Lair:6: 2002 daAuts
  Lair:2: 1860 daAuts
    D:15: 1816 daAuts
  Lair:3: 1519 daAuts
Spider:2: 1492 daAuts
    D:10: 1400 daAuts
   Orc:2: 1361 daAuts
     D:2: 1299 daAuts
  Lair:1: 1213 daAuts
Spider:1: 1203 daAuts
     D:1: 1189 daAuts
    D:13: 1151 daAuts
  Lair:4: 1137 daAuts
     D:6: 992 daAuts
